 Dungeon Crawl Stone Soup version 0.20.1-1-g8b1a95d (webtiles) character file.

3570 HelpMeObiWan the Covert (level 10, -1/63 HPs)
             Began as a Kobold Berserker on Nov 27, 2017.
             Was a High Priest of Trog.
             Slain by an eight-headed hydra (9 damage)
             ... on level 8 of the Dungeon.
             The game lasted 00:11:29 (7795 turns).

HelpMeObiWan the Covert (Kobold Berserker)          Turns: 7795, Time: 00:11:31

Health: -1/63      AC:  9    Str: 21    XL:     10   Next: 30%
Magic:  10/10      EV: 14    Int:  8    God:    Trog [*****.]
Gold:   381        SH:  7    Dex: 15    Spells: 9/9 levels left

rFire    . . .     SeeInvis +   z - +5 falchion "Femishug" {slice, Str+3}
rCold    . . .     Gourm    .   b - +3 buckler
rNeg     . . .     Faith    .   r - +0 ring mail
rPois    +         Spirit   .   n - +2 helmet
rElec    .         Reflect  .   (no cloak)
rCorr    .         Harm     .   (no gloves)
MR       .....                  (no boots)
Stlth    ++++......             (no amulet)
Regen    0.2/turn               y - ring of see invisible
MPRegen  0.2/turn               C - ring of poison resistance

@: berserk cooldown, slowed, very slow
A: carnivore 3
a: Berserk, Trog's Hand, Brothers in Arms, Burn Spellbooks, Renounce Religion


You were on level 8 of the Dungeon.
You worshipped Trog.
Trog was extremely pleased with you.
You were very full.

You visited 2 branches of the dungeon, and saw 9 of its levels.
You also visited: Sewer.

You collected 381 gold pieces.

Inventory:

Hand Weapons
 x - a +0 dagger
 z - the +5 falchion "Femishug" (weapon) {slice, Str+3}
   (You found it on level 7 of the Dungeon)

   It inflicts extra damage upon your enemies.
   It affects your strength (+3).
Missiles
 a - a throwing net
 d - 194 stones (quivered)
 e - 49 bolts
Armour
 b - a +3 buckler (worn)
 n - a +2 helmet (worn)
 r - a +0 ring mail (worn)
Jewellery
 g - an uncursed ring of wizardry {unknown}
 o - an uncursed ring of ice
 y - a ring of see invisible (left hand)
 B - an uncursed ring of magical power
 C - a ring of poison resistance (right hand)
Wands
 D - a wand of lightning (6/15)
Scrolls
 h - 2 scrolls of enchant armour
 j - 4 scrolls of remove curse
 k - 2 scrolls of immolation
 s - 2 scrolls of magic mapping
 v - 2 scrolls of silence
Potions
 i - a potion of ambrosia
 l - 13 potions of curing
 m - 4 potions of brilliance
 p - 9 potions of heal wounds
 q - a potion of berserk rage
 t - 3 potions of haste
 u - 4 potions of agility
 w - a potion of lignification
Comestibles
 c - 3 meat rations
 f - 6 royal jellies
 A - 12 chunks of flesh


   Skills:
 + Level 7.3 Fighting
 + Level 10.7(11.2) Short Blades
 + Level 3.1(5.4) Long Blades
 * Level 4.1 Armour
 + Level 3.2 Dodging
 - Level 11.0 Stealth


You had 9 spell levels left.
You didn't know any spells.

Dungeon Overview and Level Annotations

Branches:
Dungeon (8/15)             Temple (1/1) D:5
   Lair: D:8-11

Altars:
Ashenzari
Cheibriados
Dithmenos
Elyvilon
Fedhas
Gozag
Hepliaklqana
Kikubaaqudgha
Makhleb
Nemelex Xobeh
Okawaru
Qazlal
Ru
Sif Muna
Trog
Uskayaw
Vehumet
Xom
Yredelemnul
Zin
The Shining One

Shops:
D:7 %

Annotations:
D:4 Theotherone's ghost, novice MiBe


Innate Abilities, Weirdness & Mutations

You are small and have problems with some larger weapons.
You are carnivorous and can eat meat at any time.


Message History

You are exhausted.
You feel yourself slow down.
Okay, then.
You feel much better.
The big kobold throws a stone.
The stone hits you but does no damage.
The big kobold throws a stone.
The stone hits you. The eight-headed hydra bites you.
The eight-headed hydra misses you. x2
You block the eight-headed hydra's attack.
The eight-headed hydra closely misses you.
The eight-headed hydra bites you but does no damage.
The eight-headed hydra bites you.
The eight-headed hydra bites you but does no damage.
The eight-headed hydra bites you. The eight-headed hydra bites you!
* * * LOW HITPOINT WARNING * * *
The eight-headed hydra bites you!
* * * LOW HITPOINT WARNING * * *
The eight-headed hydra misses you.
You block the eight-headed hydra's attack.
The eight-headed hydra bites you!
You die...

######## #......#
#.####.#####
#.#.≈.≈.≈PP#
#.#......≈P#
##.##########.#.%P..P)≈#
..............#%@%..≈≈P#
#.####.#######.(D..P≈.#
#.# ##'''###+# #.#
#....K#.)# #.#
#.....'%?# #.# #
########## #.###.##
#####......#
.##...#..###.#


You could see an eight-headed hydra and a big kobold.

Vanquished Creatures
  A hippogriff (D:7)
  2 dream sheep (D:8)
  Sigmund (D:5)
  2 yaks (D:8)
  Menkaure (D:5)
  2 phantoms
  3 sky beasts
  An ogre (D:8)
  An ice beast (D:8)
  An orc warrior (D:7)
  A centaur (D:5)
  7 big kobolds
  A scorpion (D:4)
  2 howler monkeys
  2 crimson imps
  A bullfrog zombie (D:5)
  3 hounds
  A jelly (D:6)
  Crazy Yiuf (D:5)
  3 orc priests
  A bullfrog skeleton (D:6)
  2 iguanas
  Ijyb (D:5)
  4 orc wizards
  5 worker ants
  13 adders
  A howler monkey skeleton (D:4)
  5 river rats
  A shadow imp (D:5)
  3 oozes
  An adder skeleton (D:4)
  2 worms
  2 dart slugs
  4 leopard geckos
  25 orcs
  6 giant cockroaches
  12 goblins
  10 hobgoblins
  14 jackals
  6 ball pythons
  6 bats
  5 frilled lizards
  15 kobolds
  A quokka skeleton (D:6)
  24 rats
206 creatures vanquished.

Notes
Turn   | Place    | Note
-------+----------+-------------------------------------------
     0 | D:1      | HelpMeObiWan the Kobold Berserker began the quest for the Orb.
     0 | D:1      | Reached XP level 1. HP: 14/14 MP: 1/1
   404 | D:1      | Reached XP level 2. HP: 19/19 MP: 2/2
   620 | D:1      | Reached skill level 1 in Stealth
   620 | D:1      | Reached XP level 3. HP: 21/24 MP: 3/3
  1112 | D:1      | Reached ** piety under Trog
  1455 | D:2      | Reached skill level 2 in Stealth
  1455 | D:2      | Reached XP level 4. HP: 21/29 MP: 4/4
  1875 | D:2      | Reached skill level 5 in Short Blades
  2737 | D:3      | Reached XP level 5. HP: 34/34 MP: 5/5
  2742 | D:3      | Reached skill level 3 in Stealth
  2951 | D:3      | You fall through a shaft!
  2951 | D:4      | Noticed Theotherone's ghost (novice MiBe)
  3071 | D:3      | Reached *** piety under Trog
  3088 | D:3      | Found a glowing drain.
  3108 | Sewer    | Entered a sewer
  3204 | Sewer    | Reached XP level 6. HP: 35/39 MP: 6/6
  3408 | Sewer    | Reached skill level 4 in Stealth
  3415 | Sewer    | Reached skill level 5 in Fighting
  3468 | Sewer    | Reached XP level 7. HP: 44/44 MP: 7/7
  3469 | Sewer    | Reached **** piety under Trog
  3567 | Sewer    | Reached skill level 5 in Stealth
  4226 | D:4      | Reached skill level 6 in Stealth
  4258 | D:4      | Reached XP level 8. HP: 35/50 MP: 8/8
  4508 | D:5      | Entered Level 5 of the Dungeon
  4537 | D:5      | Reached skill level 7 in Stealth
  4882 | D:5      | Noticed Ijyb
  4900 | D:5      | Killed Ijyb
  4968 | D:5      | Noticed Sigmund
  4983 | D:5      | Killed Sigmund
  4983 | D:5      | Reached skill level 8 in Stealth
  5145 | D:5      | Noticed Menkaure
  5147 | D:5      | Found a staircase to the Ecumenical Temple.
  5155 | D:5      | Killed Menkaure
  5155 | D:5      | Reached skill level 9 in Stealth
  5155 | D:5      | Reached XP level 9. HP: 55/55 MP: 9/9
  5206 | Temple   | Entered the Ecumenical Temple
  5432 | D:5      | Reached skill level 10 in Short Blades
  5621 | D:5      | Found a runed door.
  5873 | D:5      | Noticed Crazy Yiuf
  5877 | D:5      | Killed Crazy Yiuf
  6221 | D:6      | Reached skill level 10 in Stealth
  6971 | D:7      | Noticed a hippogriff
  6981 | D:7      | Killed a hippogriff
  6981 | D:7      | Reached skill level 11 in Stealth
  6988 | D:7      | Got a bloodstained falchion
  6989 | D:7      | Identified the +5 falchion "Femishug" {slice, Str+3} (You found it on level 7 of the Dungeon)
  7191 | D:7      | Found Etocsaph's Food Shop.
  7577 | D:8      | Reached ***** piety under Trog
  7604 | D:8      | Reached skill level 1 in Long Blades
  7629 | D:8      | Reached XP level 10. HP: 61/61 MP: 10/10
  7775 | D:8      | Noticed a three-headed hydra
  7795 | D:8      | Slain by an eight-headed hydra

Skill      XL: |  1  2  3  4  5  6  7  8  9 10 |
---------------+-------------------------------+-----
Stealth        | 1 2 3 4 6 9 11 | 11.0
Fighting       | 4 5 6 7 |  7.3
Short Blades   | 5 6 7 8 9 10 | 10.7
Armour         | 3 4 |  4.1
Long Blades    | 1 3 |  3.1
Dodging        | 3 |  3.2

Action                   |  1- 3 |  4- 6 |  7- 9 | 10-12 || total
-------------------------+-------+-------+-------+-------++-------
Melee: Short sword       |   106 |   227 |   252 |       ||   585
       Falchion          |       |       |    44 |    30 ||    74
Throw: Stone             |    28 |     9 |       |       ||    37
Invok: Berserk           |     1 |     2 |     9 |     2 ||    14
       Trog's Hand       |       |       |     2 |     1 ||     3
  Use: Scroll            |       |     6 |    13 |       ||    19
       Potion            |       |       |       |     1 ||     1
 Stab: Sleeping          |     1 |     1 |    16 |     1 ||    19
       Distracted        |       |       |     1 |       ||     1
  Eat: Chunk             |    11 |     8 |    22 |     3 ||    44
Armor: Animal skin       |    15 |     8 |       |       ||    23
       Ring mail         |       |    53 |    51 |    11 ||   115
Dodge: Dodged            |    85 |   121 |    81 |    19 ||   306
Block: Buckler           |       |    66 |    62 |    16 ||   144
       Rpst.: Falchion   |       |       |     7 |     3 ||    10
